 Dungeon Sprint DCSS version 0.24.0-123-gd5b16e6ec5 (webtiles) character file.

Game seed: 2583088803276988687, levelgen mode: deterministic

1204 McKennaii the Destroyer (level 8, -15/62 HPs)
             Began as a White Draconian Conjurer on Jan 26, 2020.
             Shot with a bolt by a yaktaur (21 damage)
             ... in the Dungeon (Sprint II: "The Violet Keep of Menkaure").
             The game lasted 00:04:09 (970 turns).

McKennaii the Destroyer (White Draconian Conjurer)   Turns: 970, Time: 00:04:10

Health: -15/62     AC:  6    Str: 11    XL:     8   Next: 21%
Magic:  13/20      EV: 14    Int: 18    God:
Gold:   239        SH:  0    Dex: 11    Spells: 14/23 levels left

rFire    . . .     SeeInvis .   (no weapon)
rCold    + . .     Gourm    .   (no shield)
rNeg     . . .     Faith    .   (armour unavailable)
rPois    .         Spirit   .   (helmet restricted)
rElec    .         Reflect  .   (no cloak)
rCorr    .         Harm     .   (no gloves)
MR       .....     NoTele   +   (no boots)
Stlth    +++.......             (no amulet)
HPRegen  0.20/turn              (no ring)
MPRegen  0.17/turn              (no ring)

@: short of breath, very slightly contaminated, slowed, very slow
A: breathe frost, unfitting armour, cold resistance 1, cold-blooded, AC +6
a: Breathe Frost


You were in the Dungeon.
You were not hungry.

You visited 1 branch You collected 729 gold pieces.
You spent 490 gold pieces at shops.

Inventory:

Potions
 e - a potion of haste
 f - a potion of magic
Comestibles
 b - a ration


   Skills:
 + Level 2.6 Fighting
 + Level 5.5 Dodging
 + Level 4.7 Stealth
 + Level 8.0 Spellcasting
 + Level 14.0 Conjurations
 * Level 2.2 Ice Magic


You had 14 spell levels left.
You knew the following spells:

 Your Spells              Type           Power        Failure   Level  Hunger
a - Magic Dart            Conj           ####         1%          1    None
c - Iskenderun's Mystic   Conj           ######..     1%          4    ###....
d - Throw Icicle          Conj/Ice       #####...     3%          4    ###....

Your spell library contained the following spells:

 Spells                   Type           Power        Failure   Level  Hunger
 Searing Ray              Conj           ######       1%          2    None
 Throw Frost              Conj/Ice       #####.       1%          2    None
 Dazzling Spray           Conj/Hex       ####..       1%          3    #......
 Freeze                   Ice            ###.         4%          1    None
 Force Lance              Conj/Tloc      ####....     5%          4    ###....
 Fulminant Prism          Conj/Hex       ####......   5%          4    ###....
 Ozocubu's Armour         Chrm/Ice       ##......     19%         3    #......
 Summon Ice Beast         Ice/Summ       ##......     52%         4    ###....


Dungeon Overview and Level Annotations

Branches:
Dungeon (1/1)

Altars:
Cheibriados
Dithmenos
Elyvilon
Fedhas
Gozag
Hepliaklqana
Kikubaaqudgha
Makhleb
Nemelex Xobeh
Okawaru
Qazlal
Ru
Sif Muna
Trog
Uskayaw
Vehumet
Wu Jian
Xom
Yredelemnul
Zin
The Shining One
Beogh
Jiyva
Lugonu

Shops:
D [:%[=?}:%?=%[(!!

Annotations:
D exclusion: oklob plant


Innate Abilities, Weirdness & Mutations

You can breathe waves of freezing cold.
You can buffet flying creatures when you breathe cold.
Your icy white scales are hard. (AC +6)
You cannot fit into any form of body armour.
Your flesh is cold resistant. (rC+)
You are cold-blooded and may be slowed by cold attacks.


Message History

Aim: a hornet (heavily wounded)
The orb of energy misses the hornet.
The hornet stings you!
You feel yourself slow down. The hornet stings you!
* * * LOW HITPOINT WARNING * * *
You are poisoned.
You feel as though you will be slow longer.
Unknown command.
Press < or > to pray at altars.
Okay, then.
Blink to where?
Press: ? - help, Dir - move target cursor, p - hornet You are very lightly contaminated with residual magic.
As you read the scroll of blinking, it crumbles to dust.
You feel sick.
The yaktaur shoots a bolt.
The bolt hits you!
* * * LOW HITPOINT WARNING * * *
Casting: Iskenderun's Mystic Blast (safe; 1% risk of failure)
Confirm with . or Enter, or press ? or * to list all spells.
Okay, then.
You feel better.
The yaktaur shoots a bolt.
The bolt hits you!!
You die...

.#..#....# ...# .).####..##
#..# $# #'###.##..# +..# .# ?(
#.##...#..# #^.# .# ?)?
.<.'.##'..### ..##h#▓[)=$
#.##...#....###...##▓▓▓▓▓▓
#+###.##......≈≈≈≈h≈≈≈≈≈≈≈ .##
###≈≈§....≈#'########+## #
#≈≈≈≈§§§..§#@._.....#≈§§##
#≈≈§≈§§§≈.§#._._....#≈§≈≈##
#≈≈≈≈≈§§≈≈≈≈#_._._...#§§§§≈# ≈
≈≈≈§≈≈≈≈§§≈≈≈#._._y_..#§§≈§≈≈
+#+++#≈≈≈≈≈§≈≈≈#_._._._.#§≈§§≈≈
≈° ##≈≈≈###≈§#._._.c._#≈t§≈§≈ ○
##≈≈ #≈≈#_._._._.#t≈≈≈≈§
#§≈#..._._.§#t≈≈§▓
≈≈≈≈##########≈§§≈▓z


You could see 2 polar bears, a yaktaur and a hornet.

Vanquished Creatures
  A merfolk siren (D)
  A polar bear (D)
  A vampire mosquito (D)
  Menkaure (D)
  4 necrophages (D)
  4 worker ants (D)
12 creatures vanquished.

Vanquished Creatures (others)
  A crocodile (D)
1 creature vanquished.

Grand Total: 13 creatures vanquished

Notes
Turn   | Place    | Note
-------+----------+-------------------------------------------
     0 | D        | McKennaii the Draconian Conjurer began the quest for the
                  | Orb.
     0 | D        | Reached XP level 1. HP: 14/14 MP: 3/3
     1 | D        | Noticed a worker ant
     1 | D        | Noticed a worker ant
     5 | D        | Noticed a merfolk siren
     9 | D        | Noticed a neqoxec
    13 | D        | Noticed a necrophage
    13 | D        | Noticed a necrophage
    13 | D        | Noticed a necrophage
    13 | D        | Noticed a necrophage
    17 | D        | Killed a necrophage
    17 | D        | Reached skill level 7 in Conjurations
    17 | D        | Reached XP level 2. HP: 20/20 MP: 3/6
    17 | D        | Reached XP level 3. HP: 26/26 MP: 4/8
    17 | D        | Reached XP level 4. HP: 33/33 MP: 4/9
    24 | D        | Killed a necrophage
    24 | D        | Reached skill level 9 in Conjurations
    24 | D        | Reached XP level 5. HP: 38/38 MP: 4/12
    33 | D        | Killed a necrophage
    33 | D        | Reached skill level 5 in Spellcasting
    33 | D        | Reached skill level 10 in Conjurations
    40 | D        | Killed a crocodile
    60 | D        | Killed a necrophage
    60 | D        | Reached skill level 11 in Conjurations
    60 | D        | Reached XP level 6. HP: 8/43 MP: 0/14
   313 | D        | Learned a level 4 spell: Iskenderun's Mystic Blast
   341 | D        | Reached skill level 1 in Fighting
   611 | D        | Reached skill level 12 in Conjurations
   703 | D        | Found Vachykeg's Antique Armour Boutique.
   703 | D        | Found Qoiteos's Distillery.
   703 | D        | Found Poicwoor's Food Shop.
   704 | D        | Found Nuireah's Distillery.
   704 | D        | Found Cavu's Jewellery Shop.
   704 | D        | Found Viaprosk's Magic Scroll Boutique.
   704 | D        | Found Gaptu's Food Shop.
   704 | D        | Found Narphoy's Book Boutique.
   705 | D        | Found Fuifaergh's Antique Weapon Shop.
   705 | D        | Found Syckin's Gadget Boutique.
   705 | D        | Found Vusk's Magic Scroll Boutique.
   706 | D        | Found Hedeaten's Jewellery Shop.
   707 | D        | Found Tiliampi's Antique Armour Boutique.
   707 | D        | Found Parorykig's Food Shop.
   707 | D        | Noticed Menkaure
   707 | D        | Noticed a death yak
   707 | D        | Noticed an oklob plant
   709 | D        | Killed Menkaure
   709 | D        | Your scales start taking on an icy white colour.
   709 | D        | Reached XP level 7. HP: 49/49 MP: 10/16
   709 | D        | Gained mutation: Your flesh is cold resistant. (rC+) [White
                  | Draconian growth]
   710 | D        | Found Ratrit's Book Shoppe.
   710 | D        | Found Zowiaral's Antique Armour Boutique.
   712 | D        | Noticed a fire dragon
   754 | D        | Noticed a vampire mosquito
   759 | D        | Killed a vampire mosquito
   861 | D        | Killed a merfolk siren
   861 | D        | Reached skill level 5 in Dodging
   861 | D        | Reached skill level 13 in Conjurations
   861 | D        | Reached XP level 8. HP: 59/59 MP: 5/19
   886 | D        | Bought a book of Frost for 490 gold pieces
   892 | D        | Learned a level 4 spell: Throw Icicle
   921 | D        | Found a stormy altar of Qazlal.
   921 | D        | Found an ornate altar of the Wu Jian Council.
   943 | D        | Found a hazy altar of Hepliaklqana.
   943 | D        | Found a sacrificial altar of Ru.
   944 | D        | Found a roughly hewn altar of Beogh.
   944 | D        | Found a viscous altar of Jiyva.
   944 | D        | Found a shimmering blue altar of Sif Muna.
   944 | D        | Found a shimmering altar of Xom.
   945 | D        | Found a snail-covered altar of Cheibriados.
   945 | D        | Found an ancient bone altar of Kikubaaqudgha.
   945 | D        | Found a bloodstained altar of Trog.
   945 | D        | Found a glowing golden altar of the Shining One.
   945 | D        | Found a basalt altar of Yredelemnul.
   946 | D        | Found a shadowy altar of Dithmenos.
   946 | D        | Found a corrupted altar of Lugonu.
   947 | D        | Found a white marble altar of Elyvilon.
   947 | D        | Found a burning altar of Makhleb.
   947 | D        | Found a hide-covered altar of Uskayaw.
   948 | D        | Found a blossoming altar of Fedhas.
   950 | D        | Found an opulent altar of Gozag.
   950 | D        | Found a sparkling altar of Nemelex Xobeh.
   950 | D        | Noticed a hornet
   950 | D        | Noticed a polar bear
   951 | D        | Found a glowing silver altar of Zin.
   951 | D        | Found a radiant altar of Vehumet.
   951 | D        | Found an iron altar of Okawaru.
   951 | D        | Noticed a yaktaur
   951 | D        | Noticed a polar bear
   952 | D        | Noticed a polar bear
   954 | D        | Noticed a flying skull
   960 | D        | Noticed a flying skull
   960 | D        | Noticed a flying skull
   965 | D        | Killed a polar bear
   965 | D        | Reached skill level 14 in Conjurations
   970 | D        | Shot with a bolt by a yaktaur

Levels and vault maps discovered:
D:        the_violet_keep_of_menkaure [sprint2_stairs_cluster_1,
          sprint2_shoproom, sprint2_temple, sprint2_basic_supplies,
          sprint2_obstacle_3, sprint2_obstacle_1, sprint2_obstacle_2,
          sprint2_obstacle_7, sprint2_obstacle_4, sprint2_timed_cluster_1,
          sprint2_smallroom_cluster_1, sprint2_smallroom_final_cluster_1,
          sprint2_transparent_cluster_1, sprint2_second_timed_cluster_1,
          sprint2_sniper_area_1, sprint2_heavy_combat_area_1,
          sprint2_mutation_trap_area_1, sprint2_forest_area_1,
          sprint2_light_combat_area_1, sprint2_behind_water_1,
          sprint2_near_end_vault_1]

Skill      XL: |  1  2  3  4  5  6  7  8 |
---------------+-------------------------+-----
Dodging        | 2 3 4 5 |  5.5
Stealth        | 2 3 4 |  4.7
Spellcasting   | 3 4 5 6 7 8 |  8.0
Conjurations   | 7 9 11 12 13 14 | 14.0
Fighting       | 1 2 |  2.6
Ice Magic      | 2 |  2.2

Action                   |  1- 3 |  4- 6 |  7- 9 || total
-------------------------+-------+-------+-------++-------
Melee: Unarmed           |     2 |    45 |       ||    47
       Tailslap          |     1 |     3 |       ||     4
 Cast: Magic Dart        |       |    21 |     1 ||    22
       Iskenderun's Myst |       |     6 |    12 ||    18
 Abil: Breathe Frost     |       |       |     3 ||     3
  Use: Potion            |     1 |     1 |     2 ||     4
       Scroll            |       |       |     1 ||     1
  Eat: Chunk             |       |       |     1 ||     1
       Ration            |       |       |     1 ||     1
Armor: Skin              |       |    15 |     2 ||    17
Dodge: Dodged            |     1 |    36 |     8 ||    45
